Map: Base du roi Sejong EC

Players

zidar

  • Race: Zerg Zerg
  • League: Gold
  • Spawn Location: 11:00

Гаджет - Winner!

  • Race: Terran Terran
  • League: Gold
  • Spawn Location: 5:00

VOD

Have the link to the VOD?

Description

Time

  • Played on: June 16, 2016, 3:13 p.m.
  • Length: 10:19
Show
View Real Time Build Order
Export as new Build Order

zidar Zerg 

Build Orders: Hatch First 

Get SALT Encoding   

  12  0:01  Drone  
  13  0:15  Overlord  
  13  0:18  Drone  
  14  0:29  Extractor, Drone  
  14  0:30  Extractor, Drone  
  16  0:53  Hatchery  
  16  0:54  Drone  
  16  1:12  Spawning Pool  
  16  1:14  Drone  
  16  1:18  Extractor  
  15  1:20  Drone  
  16  1:38  Drone  
  16  1:39  Overlord  
  17  2:01  Queen  
  17  2:06  Zergling x2  
  17  2:07  Queen  
  21  2:09  Zergling x2  
  21  2:10  Zergling x2  
  23  2:18  Drone  
  25  2:22  Drone  
  25  2:23  Drone  
  26  2:53  Drone x6  
  31  3:07  Drone x2  
  31  3:09  Roach Warren  
  32  3:21  Extractor  
  32  3:23  Drone x4  
  35  3:40  Overlord x2  
  35  3:42  Overlord  
  35  3:58  Roach x4  
  35  3:59  Roach x3  
  49  4:09  Evolution Chamber  
  48  4:10  Lair  
  48  4:14  Drone x2  
  50  4:20  Ravager x2  
  50  4:21  Ravager  
  52  4:46  Zergling x14  
  52  4:47  Metabolic Boost  
  59  4:59  Zerg Missile Weapons Level 1  
  59  5:05  Hatchery  
  58  5:13  Evolution Chamber  
  57  5:18  Drone x2  
  57  5:20  Overlord  
  57  5:21  Overlord x2  
  43  6:14  Drone x8  
  43  6:15  Drone x2  
  53  6:19  Queen  
  53  6:22  Roach x2  
  56  6:39  Extractor  
  55  6:41  Extractor  
  55  6:43  Roach x4  
  55  6:44  Roach x8  
  78  6:50  Ravager x2  
  78  6:54  Zerg Ground Armor Level 1  
  80  7:18  Ravager x2  
  80  7:21  Ravager  
  83  7:25  Drone x7  
  83  7:28  Overlord x6  
  90  7:39  Overlord  
  90  7:47  Roach x5  
  90  7:51  Ravager x2  
  102  8:01  Pneumatized Carapace  
  102  8:19  Glial Reconstitution  
  102  8:31  Drone x3  
  105  8:34  Drone x9  
  105  8:35  Drone x2  
  105  8:40  Drone x4  
  115  8:57  Roach  
  115  8:58  Roach, Zergling x10  
  115  9:02  Overlord x2  
  124  9:10  Overseer  
  116  9:38  Roach x9  
  118  9:57  Roach  
  118  9:58  Roach x7  
Show
View Real Time Build Order
Export as new Build Order

Гаджет Terran - Winner!

Build Orders: Reaper Expand 

Get SALT Encoding   

  12  0:00  SCV  
  13  0:13  SCV  
  14  0:17  Supply Depot  
  14  0:25  SCV  
  15  0:39  SCV  
  15  0:40  Barracks  
  16  0:45  Refinery  
  16  0:51  SCV  
  17  1:03  SCV  
  18  1:15  SCV  
  19  1:27  Orbital Command  
  19  1:29  Reaper  
  20  1:44  Command Center  
  20  1:53  SCV  
  21  2:01  Barracks Reactor  
  21  2:05  SCV  
  22  2:17  SCV  
  22  2:18  Supply Depot  
  23  2:23  Factory  
  23  2:39  SCV  
  24  3:03  Marine x2  
  26  3:10  Starport  
  26  3:14  Orbital Command  
  26  3:15  Barracks, SCV  
  26  3:16  Barracks  
  27  3:21  Refinery  
  27  3:24  Marine x2  
  29  3:27  SCV  
  29  3:29  Supply Depot  
  29  3:33  Refinery, Engineering Bay  
  30  3:44  SCV  
  30  3:45  SCV  
  32  3:49  Medivac  
  32  3:53  Marine x2  
  36  3:56  SCV  
  37  4:05  SCV  
  37  4:06  Barracks Tech Lab x2  
  38  4:11  Marine x2  
  40  4:18  SCV  
  40  4:19  SCV, Medivac  
  44  4:38  SCV x2  
  45  4:40  Marauder x2  
  45  4:41  Marine x2  
  45  4:43  Stimpack  
  51  4:48  Combat Shield  
  51  4:50  SCV  
  52  4:54  Starport Reactor  
  52  4:56  SCV  
  52  4:58  Marine  
  54  5:05  Supply Depot x2  
  54  5:07  Terran Infantry Weapons Level 1  
  54  5:20  Supply Depot  
  54  5:26  Marine x2, SCV x2  
  54  5:27  Marauder x2  
  62  5:30  Supply Depot  
  62  5:32  Medivac  
  57  5:44  Marine  
  57  5:48  Marauder x2  
  53  5:58  Marine  
  53  6:02  Marine  
  54  6:09  Marauder x2  
  56  6:13  Medivac x2  
  56  6:16  Marine  
  61  6:19  Marine  
  61  6:22  SCV  
  61  6:23  SCV  
  64  6:30  Supply Depot  
  64  6:31  Marauder x2  
  68  6:35  SCV x2  
  68  6:39  Marine x2  
  71  6:43  Viking  
  71  6:45  Supply Depot  
  71  6:47  SCV  
  75  6:49  Armory  
  75  6:51  Command Center  
  75  6:52  Marauder x2, SCV  
  80  6:57  Marine x2, Refinery  
  80  6:59  SCV  
  83  7:01  Terran Infantry Armor Level 1  
  83  7:04  SCV  
  83  7:08  Barracks x2  
  84  7:14  Marauder x2  
  84  7:15  Marine x2  
  89  7:17  Viking  
  89  7:19  Medivac  
  94  7:23  Supply Depot  
  96  7:44  Marine, Marauder x2  
  96  7:45  Marine  
  96  7:49  Terran Vehicle And Ship Armor Level 1  
  96  7:50  Supply Depot  
  100  7:55  Barracks Tech Lab  
  100  7:56  Barracks Reactor  
  100  8:02  Marine x2  
  104  8:05  Marauder  
  104  8:06  Marauder, SCV  
  104  8:12  Supply Depot, Orbital Command  
  107  8:20  Marine x2  
  107  8:21  SCV x2  
  115  8:27  Marauder x2  
  115  8:33  SCV x2  
  117  8:38  Marauder  
  117  8:39  Marine x4  
  123  8:45  SCV x2  
  129  8:48  Marauder x2  
  129  8:57  Marine  
  129  8:58  Marine x3  
  129  9:00  Marauder  
  139  9:10  Marauder x2  
  139  9:14  Marine  
  139  9:15  Marine  
  141  9:31  Marauder  
  141  9:33  Marauder  
  141  9:34  Marine, Marauder  
  140  9:44  Marine x2  
  141  9:46  Marine  
  141  9:52  Marine  
  138  9:53  Marauder  
  138  9:55  Marauder x2  
Tags
 
Add a new tag
Caveats
  • Supply blocks, unpowered buildings, or Contaminate may cause inaccurate times.
  • Supply counts are checked every 10 seconds.